 Dungeon Crawl Stone Soup version 0.30-a0-390-g80c34de65d (webtiles) character file.

Game seed: 7920076000512530983

612 bande the Chopper (level 7, -5/44 HPs)
             Began as a Gargoyle Fighter on Dec 4, 2022.
             Slain by an iguana (9 damage)
             ... on level 5 of the Dungeon.
             The game lasted 00:05:09 (3441 turns).

bande the Chopper (Gargoyle Fighter)                Turns: 3441, Time: 00:05:10

Health: -5/44      AC: 14    Str: 19    XL:     7   Next: 44%
Magic:  7/7        EV:  7    Int:  9    God:
Gold:   170        SH:  5    Dex: 11    Spells: 6/6 levels left

rFire   . . .      SeeInvis .    a - +1 war axe
rCold   . . .      Faith    .    c - +1 buckler
rNeg    + . .      Spirit   .    f - +0 chain mail
rPois   ∞          Reflect  .    (no helmet)
rElec   +          Harm     .    (no cloak)
rCorr   .          Rampage  .    (no gloves)
Will    .....                    (no boots)
Stlth   ..........               (no amulet)
HPRegen 0.27/turn                (no ring)
MPRegen 0.10/turn                (no ring)

@: studying Long Blades
A: sickness immunity, AC +4, negative energy resistance 1, electricity
resistance, torment resistance 1, petrification resistance
a: no special abilities


You were on level 5 of the Dungeon.
You visited 1 branch of the dungeon, and saw 5 of its levels.

You collected 170 gold pieces.

Inventory:

Hand Weapons
 a - a +1 war axe (weapon)
Armour
 c - a +1 buckler (worn)
 f - a +0 chain mail (worn)
Jewellery
 e - a +6 ring of intelligence
Wands
 r - a wand of flame (15)
Scrolls
 h - 2 scrolls of summoning
 m - a scroll of fear
 q - a scroll of enchant armour
Potions
 b - a potion of berserk rage {unknown}
 d - 2 potions of might
 i - a potion of magic {unknown}
 j - 3 potions of curing
 n - a potion of haste {unknown}
 s - a potion of ambrosia {unknown}
 t - 2 potions of heal wounds {unknown}


   Skills:
 + Level 4.7 Fighting
 + Level 5.5 Axes
 + Level 4.9 Armour
 - Level 0.1 Stealth
 + Level 4.2 Shields


You had 6 spell levels left.
You didn't know any spells.
Your spell library contained the following spells:

 Spells                   Type           Power      Damage    Failure   Level
 Slow                     Hex            0%         N/A       99%         1
 Confusing Touch          Hex            0%         N/A       100%        3
 Gell's Gravitas          Tloc           0%         N/A       100%        3
 Teleport Other           Tloc           0%         N/A       100%        3
 Vampiric Draining        Necr           0%         2d6       100%        3
 Dispersal                Tloc           0%         N/A       100%        6


Dungeon Overview and Level Annotations

Branches:
Dungeon (5/15)
 Temple: D:4-7

Altars:


Innate Abilities, Weirdness & Mutations

You are immune to sickness and miasma.
Your stone body is resilient. (AC +4)
You are immune to poison.
You resist negative energy. (rN+)
You are resistant to electric shocks. (rElec)
You are resistant to unholy torment.
You are immune to petrification.


Message History

You completely miss the orc priest.
The orc wizard shouts!
The orc shouts!
You slash the iguana! The iguana bites you.
The orc priest mumbles some strange prayers to Beogh against you.
Beogh smites you!
Unknown command.
You hit the orc priest but do no damage.
You hit the iguana. You slash the orc!
You kill the orc!
The orc wizard points at you and mumbles some strange words.
The magic dart hits you but does no damage.
The iguana bites you.
The orc priest looks satisfied for a moment.
You slash the orc priest!
The orc priest is heavily wounded.
You hit the iguana but do no damage. The iguana barely misses you.
The orc priest hits you but does no damage.
The iguana closely misses you. The orc priest barely misses you.
Unknown command.
You slash the orc priest!
You kill the orc priest!
You hit the iguana but do no damage. You closely miss the orc wizard.
The iguana bites you but does no damage.
The orc wizard casts a spell at you. The puff of flame hits you!
* * * LOW HITPOINT WARNING * * *
The iguana bites you!
* * * LOW HITPOINT WARNING * * *
The orc wizard hits you but does no damage.
Things that are here:
a +0 hand axe; an orc corpse You hit the orc wizard.
The orc wizard is moderately wounded.
You barely miss the iguana. You block the iguana's attack.
The orc wizard casts a spell at you.
The magic dart hits you but does no damage.
You hit the orc wizard.
The orc wizard is moderately wounded.
You hit the iguana. The iguana bites you!
You die...

.........# .........#
.........# ..(......#
.........#
#+####)#################
..####..#..#....#.......
.........<#......l#
..........#.....@o#
..........#.......#
..........#.......'..
...!......#.......#...
######..#########.#.....
#+## .# #... .. ... ..
..


You could see an iguana and an orc wizard.

Vanquished Creatures
  Sigmund (D:3)
  An ogre (D:5)
  2 scorpions (D:4)
  A jelly (D:4)
  An orc priest (D:5)
  Natasha (thrice) (D:2)
  2 adders
  An ufetubus (D:5)
  4 worms
  2 dart slugs
  4 orcs
  9 ball pythons
  8 bats
  5 endoplasms
  A giant cockroach (D:2)
  11 goblins
  5 hobgoblins
  2 jackals (D:1)
  2 quokkas
  2 frilled lizards (D:3)
  14 kobolds
  2 rats
83 creatures vanquished.

Notes
Turn   | Place    | Note
-------+----------+-------------------------------------------
     0 | D:1      | bande the Gargoyle Fighter began the quest for the Orb.
     0 | D:1      | Reached XP level 1. HP: 14/14 MP: 1/1
    75 | D:1      | Reached XP level 2. HP: 18/19 MP: 2/2
   138 | D:1      | Reached skill level 2 in Axes
   335 | D:1      | Reached XP level 3. HP: 20/24 MP: 3/3
  1132 | D:2      | Noticed Natasha
  1147 | D:2      | Killed Natasha
  1148 | D:2      | Reached skill level 3 in Axes
  1148 | D:2      | Reached XP level 4. HP: 6/29 MP: 4/4
  1374 | D:2      | Noticed Natasha
  1388 | D:2      | Killed Natasha
  1485 | D:2      | Noticed Natasha
  1494 | D:2      | Killed Natasha
  1495 | D:2      | Reached XP level 5. HP: 27/33 MP: 5/5
  2094 | D:3      | Noticed Sigmund
  2128 | D:3      | Killed Sigmund
  2129 | D:3      | Reached skill level 4 in Axes
  2129 | D:3      | Reached XP level 6. HP: 3/38 MP: 6/6
  2939 | D:4      | Reached skill level 5 in Axes
  3090 | D:4      | Reached XP level 7. HP: 32/44 MP: 7/7
  3331 | D:5      | Entered Level 5 of the Dungeon
  3441 | D:5      | Slain by an iguana

Illustrated notes

Levels and vault maps discovered:
D:1:      dpeg_arrival_line_fractal, layout_loops_ring, minmay_misc_feat_x
D:2:      layout_basic, uniq_natasha
D:3:      layout_rooms, minivault_24, uniq_sigmund
D:4:      layout_rooms, minmay_manual_monstrance
D:5:      layout_gridville, amethyst_overflow_temple_binary

Skill      XL: |  1  2  3  4  5  6 |
---------------+-------------------+-----
Axes           | 2 3 4 5 |  5.5
Armour         | 4 |  4.9
Fighting       | 4 |  4.7
Shields        | 4 |  4.2
Stealth        | |  0.1

Action                   |  1- 3 |  4- 6 |  7- 9 || total
-------------------------+-------+-------+-------++-------
Melee: War axe           |   138 |   149 |    38 ||   325
  Use: Potion            |       |     1 |       ||     1
       Scroll            |       |    10 |     2 ||    12
Armor: Scale mail        |    18 |       |       ||    18
       Chain mail        |    99 |    92 |    29 ||   220
Dodge: Dodged            |    48 |    39 |    22 ||   109
Block: Buckler           |    28 |    30 |    13 ||    71

Table legend: (Time is in decaauts)
 A = Elapsed time spent in this place.
 B = Non-inter-level travel time spent in this place.
 C = Inter-level travel time spent in this place.
 D = Time resting spent in this place.
 E = Time spent auto-exploring this place.
 F = Levels seen in this place.
 G = Mean time per level.
                   A        B        C        D        E       F      G
               +--------+--------+--------+--------+--------+-----+--------+
         Total |   3581 |   3562 |     19 |    512 |   2211 |   5 |  716.2 |
       Dungeon |   3581 |   3562 |     19 |    512 |   2211 |   5 |  716.2 |
               +--------+--------+--------+--------+--------+-----+--------+

Top non-repeatable levels by time:
     D:2: 1207 daAuts
     D:1: 922 daAuts
     D:3: 759 daAuts
     D:4: 576 daAuts
     D:5: 116 daAuts
